 Dungeon Crawl Stone Soup version 0.20.0-7-g3b7b877 (webtiles) character file.

2924 Kisielow the Carver (level 9, -5/79 HPs)
             Began as a Minotaur Fighter on May 29, 2017.
             Was a Believer of Okawaru.
             Slain by an orc warrior
             ... wielding a +0 glaive
              (12 damage)
             ... on level 7 of the Dungeon.
             The game lasted 00:11:57 (6428 turns).

Kisielow the Carver (Minotaur Fighter)              Turns: 6428, Time: 00:11:57

Health: -5/79      AC:  8    Str: 24    XL:     9   Next: 50%
Magic:  8/8        EV: 13    Int: 10    God:    Okawaru [**....]
Gold:   247        SH: 12    Dex: 15    Spells: 8/8 levels left

rFire    . . .     SeeInvis .   a - +1 long sword
rCold    . . .     Gourm    .   c - +0 shield
rNeg     . . .     Faith    .   b - +0 scale mail
rPois    .         Spirit   .   (helmet restricted)
rElec    .         Reflect  .   (no cloak)
rCorr    .         Harm     .   (no gloves)
MR       .....                  (no boots)
Stlth    +.........             t - amulet of rage
Regen    0.3/turn               (no ring)
MPRegen  0.2/turn               u - ring of wizardry

@: brilliant, agile, berserk cooldown, slowed, very slow
A: retaliatory headbutt, horns 2
a: Heroism, Renounce Religion, Evoke Berserk Rage


You were on level 7 of the Dungeon.
You worshipped Okawaru.
Okawaru was pleased with you.
You were near starving.

You visited 2 branches of the dungeon, and saw 8 of its levels.

You collected 247 gold pieces.

Inventory:

Hand Weapons
 a - a +1 long sword (weapon)
Armour
 b - a +0 scale mail (worn)
 c - a +0 shield (worn)
Jewellery
 t - an amulet of rage (around neck)
 u - a ring of wizardry (right hand)
 x - an uncursed amulet of harm {unknown}
Wands
 d - a wand of iceblast (8/15)
 j - a wand of random effects (37/48)
 s - a wand of polymorph (22/24)
 y - a wand of lightning (5/15)
Scrolls
 e - 5 scrolls of identify
 i - 3 scrolls of enchant weapon
 k - 5 scrolls of teleportation
 n - 3 scrolls of remove curse
 o - a scroll of fog
 r - a scroll of noise {unknown}
 z - a scroll of magic mapping {unknown}
Potions
 q - 3 potions of lignification
Books
 p - a book of Flames

   Spells                             Type                      Level
   a - Flame Tongue                   Conjuration/Fire             1
   b - Throw Flame                    Conjuration/Fire             2
   c - Conjure Flame                  Conjuration/Fire             3
   d - Inner Flame                    Hexes/Fire                   3
   e - Sticky Flame                   Conjuration/Fire             4
   f - Fireball                       Conjuration/Fire             5
 w - a book of Minor Magic

   Spells                             Type                      Level
   a - Magic Dart                     Conjuration                  1
   b - Blink                          Translocation                2
   c - Call Imp                       Summoning                    2
   d - Slow                           Hexes                        2
   e - Conjure Flame                  Conjuration/Fire             3
   f - Mephitic Cloud                 Conjuration/Poison/Air       3
Comestibles
 f - 3 bread rations
 g - a royal jelly
 l - 2 meat rations


   Skills:
 + Level 7.6 Fighting
 * Level 10.8 Long Blades
 + Level 7.7 Armour
 + Level 7.8 Shields


You had 8 spell levels left.
You didn't know any spells.

Dungeon Overview and Level Annotations

Branches:
Dungeon (7/15)             Temple (1/1) D:5

Altars:
Ashenzari
Cheibriados
Dithmenos
Elyvilon
Hepliaklqana
Kikubaaqudgha
Makhleb
Nemelex Xobeh
Okawaru
Qazlal
Ru
Sif Muna
Trog
Uskayaw
Vehumet
Xom
Yredelemnul
Zin
The Shining One

Shops:
D:6 %


Innate Abilities, Weirdness & Mutations

You reflexively headbutt those who attack you in melee.
You have a pair of horns on your head.


Message History

The orc warrior hits you from afar with a glaive.
* * * LOW HITPOINT WARNING * * *
You block the orc warrior's attack. You block the orc warrior's attack.
You block the orc warrior's attack.
You are near starving!
You block the orc warrior's attack. You block the orc warrior's attack.
You block the orc warrior's attack. The orc warrior barely misses you.
Your transformation is almost over.
You block the orc warrior's attack. x2
You block the orc warrior's attack. The orc warrior completely misses you.
You block the orc warrior's attack. You block the orc warrior's attack.
You feel less wooden.
Your +0 scale mail unmelds from your body.
The orc warrior hits you from afar with a glaive!
You die...

##.........###
#..#.........
........##.....####.
..########.....#
#########.#####..
#.######(..#
###........
........[.%#
#....#####.
#.###.###).###[#.##
# #..@)##..#.#
#.###)....##.#
.c.o..o.?..###.#
o.o......##....#
#.#.###... .#### #
#....## #..#..
..###.# ...# ./


You could see an orc warrior.

Vanquished Creatures
  Duvessa (D:5)
  An orc warrior (D:6)
  An eye of draining (D:7)
  An ice beast (D:7)
  A sky beast (D:4)
  A black bear (D:3)
  2 centaurs
  3 ogres
  A phantom (D:4)
  A bullfrog (D:3)
  A wyvern zombie (D:4)
  An elf zombie (D:6)
  4 elf skeletons (D:6)
  3 scorpions
  Dowan (D:5)
  A crimson imp (D:6)
  6 hounds
  4 orc wizards
  2 bullfrog skeletons
  2 human zombies (D:6)
  3 orc priests
  2 centaur skeletons
  3 iguanas
  Ijyb (D:3)
  Jessica (D:3)
  Natasha (thrice) (D:3)
  Terence (D:3)
  4 worker ants
  A hound zombie (D:6)
  A hound skeleton (D:7)
  Robin (D:2)
  4 gnolls (D:6)
  A howler monkey skeleton (D:6)
  6 adders
  3 shadow imps
  An ooze (D:3)
  An adder zombie (D:6)
  2 adder skeletons
  4 worms (D:3)
  3 dart slugs
  28 orcs
  A giant cockroach (D:1)
  13 hobgoblins
  6 jackals (D:4)
  3 kobolds
  3 quokkas
  A ball python skeleton (D:6)
  A ball python zombie (D:6)
  4 bats
  5 frilled lizards
  15 goblins
  A jackal zombie (D:5)
  An orc skeleton (D:6)
  3 orc zombies (D:6)
  5 rats
174 creatures vanquished.

Vanquished Creatures (others)
  A crimson imp (D:6)
1 creature vanquished.

Grand Total: 175 creatures vanquished

Notes
Turn   | Place    | Note
-------+----------+-------------------------------------------
     0 | D:1      | Kisielow the Minotaur Fighter began the quest for the Orb.
     0 | D:1      | Reached XP level 1. HP: 19/19 MP: 0/0
    50 | D:1      | Reached skill level 3 in Long Blades
    54 | D:1      | Reached XP level 2. HP: 22/26 MP: 1/1
   342 | D:1      | Reached skill level 4 in Long Blades
   550 | D:2      | Reached XP level 3. HP: 31/31 MP: 2/2
   725 | D:2      | Noticed Robin
   735 | D:2      | Killed Robin
   735 | D:2      | Reached skill level 5 in Long Blades
   804 | D:2      | Reached XP level 4. HP: 34/39 MP: 3/3
  1207 | D:3      | Noticed Ijyb
  1216 | D:3      | Noticed a black bear
  1220 | D:3      | Killed Ijyb
  1226 | D:3      | Killed a black bear
  1226 | D:3      | Reached skill level 6 in Long Blades
  1226 | D:3      | Reached XP level 5. HP: 46/46 MP: 4/4
  1328 | D:3      | Found a hazy altar of Hepliaklqana.
  1328 | D:3      | Found an ancient bone altar of Kikubaaqudgha.
  1388 | D:3      | Reached XP level 6. HP: 37/52 MP: 5/5
  1958 | D:3      | Noticed Jessica
  1963 | D:3      | Killed Jessica
  2110 | D:3      | Noticed Natasha
  2119 | D:3      | Killed Natasha
  2145 | D:3      | Noticed Natasha
  2149 | D:3      | Killed Natasha
  2170 | D:3      | Noticed Natasha
  2173 | D:3      | Killed Natasha
  2221 | D:3      | Reached skill level 7 in Long Blades
  2221 | D:3      | Reached skill level 5 in Armour
  2221 | D:3      | Reached XP level 7. HP: 53/60 MP: 6/6
  2405 | D:3      | Noticed Terence
  2412 | D:3      | Killed Terence
  2412 | D:3      | Reached skill level 5 in Shields
  2503 | D:3      | Reached skill level 5 in Fighting
  2812 | D:4      | Found an iron altar of Okawaru.
  2876 | D:4      | Became a worshipper of Warmaster Okawaru
  3293 | D:4      | Reached skill level 8 in Long Blades
  3361 | D:4      | Reached XP level 8. HP: 47/69 MP: 7/7
  3627 | D:4      | Reached * piety under Okawaru
  3834 | D:5      | Entered Level 5 of the Dungeon
  4060 | D:5      | Found a staircase to the Ecumenical Temple.
  4066 | Temple   | Entered the Ecumenical Temple
  4284 | D:5      | Noticed Duvessa
  4287 | D:5      | Noticed Dowan
  4298 | D:5      | Killed Dowan
  4302 | D:5      | Killed Duvessa
  4302 | D:5      | Reached skill level 9 in Long Blades
  5541 | D:6      | Found Resada's Food Shoppe.
  5592 | D:6      | Reached ** piety under Okawaru
  5592 | D:6      | Reached XP level 9. HP: 78/78 MP: 8/8
  5957 | D:6      | Reached skill level 10 in Long Blades
  6428 | D:7      | Slain by an orc warrior

Skill      XL: |  1  2  3  4  5  6  7  8  9 |
---------------+----------------------------+-----
Long Blades    | 3 4 5 6 7 8 9 10 | 10.8
Fighting       | 4 5 6 7 |  7.6
Armour         | 4 5 7 |  7.7
Shields        | 4 5 6 7 |  7.8

Action                   |  1- 3 |  4- 6 |  7- 9 || total
-------------------------+-------+-------+-------++-------
Melee: Long sword        |    78 |    93 |   337 ||   508
       Headbutt          |    13 |    18 |    74 ||   105
Invok: Heroism           |       |       |     1 ||     1
 Abil: Evoke Berserk Rag |       |     1 |     5 ||     6
  Use: Potion            |     1 |       |     9 ||    10
       Scroll            |       |    11 |     3 ||    14
  Eat: Chunk             |       |     5 |    17 ||    22
Armor: Scale mail        |    19 |    30 |    99 ||   148
       Skin              |       |       |     4 ||     4
Dodge: Dodged            |    19 |    27 |    81 ||   127
Block: Shield            |    39 |    45 |   182 ||   266
       Rpst.: Long sword |     3 |     8 |    22 ||    33
